Unix NetHack Version 5.0.0-0 post-release - last build Jun 10 2026 00:39:30 (3ee93aec679c4c4259841fe613dc97188e26a321,branch:main).

Game began 2026-06-18 05:27:37, ended 2026-06-18 15:44:35.

Arakanox, chaotic female human Ranger

                           --------------------------------
                           |...........................[..|
                           ..-----..----....-----|-------.|
                           |.|...|..|..|....|.. |..|... |.|       -------
                           |.|...|..-..|....|.. |..| .. |..###)#)#|.....|
                           |f|...-..|------.|.. |----+---.|##)#)#)-.....|
          |                |f|-----.|     |.|.. |..|......|#      |.<...|
          |.......         p@|....-.|     |.--|-|..|.----.|#      -------
          |                |.|._..|.|  -- -..{..-|--.|..|.|
                           |.|....|.-  -...........).%..|.|
                           |.|... |..    --|-....---|---|.|
                            .|--- ----     .|....|(.)|(.|.|
                           |.|             .|....|(..|((|.|
                           |.              .|....|.((|..|.|
                           |.------+---------.{..------|-)|
                           |.....................)))..)...|
                           --------------------------------

Arakanox the Trailblazer     St:14 Dx:12 Co:17 In:14 Wi:13 Ch:7  Chaotic
Dlvl:8  $:307 HP:0(53) Pw:37(37) AC:0  Xp:7 T:3247  Burdened

Latest messages:
 You miss the iron piercer.
 You miss the iron piercer.
 You hit the iron piercer!
 You miss the iron piercer.
 You miss the iron piercer.
 You miss the iron piercer.
 You miss the iron piercer.
 The iron piercer bites!
 You miss the iron piercer.
 W - a +1 bow (weapon in right hand).
 w - a dwarvish spear (alternate weapon; not wielded).
 The housecat misses the panther.
 The housecat bites the panther.
 The panther strikes at your displaced image and misses you!
 The housecat misses the panther.
 The housecat bites the panther.
 The panther misses the housecat.
 The panther hits the housecat.
 The panther bites the housecat.
 What do you want to write with? [- gkoqrwHMQW or ?*] -
 You write in the dust with your fingertip.
 What do you want to write in the dust here? Elbereth
 The panther misses!
 The panther misses!
 The panther misses!
 The panther hits!
 The panther hits again!
 The panther bites!
 What do you want to write with? [- gkoqrwHMQW or ?*] -
 Do you want to add to the current engraving? [ynq] (y) n
 You wipe out the message that was written in the dust here.
 You write in the dust with your fingertip.
 What do you want to write in the dust here? Elbereth
 The panther turns to flee.
 The panther turns to flee.
 The panther turns to flee.
 The panther misses!
 The panther misses!
 The panther bites!
 The panther misses!
 The panther hits!
 The panther bites!
 The panther turns to flee.
 The panther hits!
 You die...
 Do you want your possessions identified? [ynq] (y) y
 Do you want to see your attributes? [ynq] (y) y
 Do you want an account of creatures vanquished? [ynaq] (y) y
 Do you want to see your conduct and achievements? [ynq] (y) y
 Do you want to see the dungeon overview? [ynq] (y) y

Inventory:
 Coins    ('$')
  $ - 307 gold pieces
 Amulets  ('"')
  U - an uncursed amulet of unchanging
 Weapons  (')')
  Q - 48 blessed +2 arrows (in quiver)
  q - 33 +0 arrows
  W - a +1 bow (weapon in right hand)
  w - a blessed +1 dwarvish spear (alternate weapon; not wielded)
 Armor    ('[')
  C - an uncursed +2 orcish helm (being worn)
  D - an uncursed +0 pair of iron shoes (being worn)
  F - an uncursed +0 dwarvish roundshield (being worn)
  B - an uncursed +2 cloak of displacement (being worn)
  c - an uncursed +0 cloak of invisibility
 Comestibles  ('%')
  f - 4 uncursed cram rations
 Scrolls  ('?')
  K - 2 uncursed scrolls of blank paper
  l - 2 uncursed scrolls of confuse monster
  n - 2 uncursed scrolls of create monster
  d - an uncursed scroll of destroy armor
  E - an uncursed scroll of enchant weapon
  b - 2 uncursed scrolls of identify
  J - an uncursed scroll of light
  i - 2 uncursed scrolls of remove curse
 Spellbooks  ('+')
  j - an uncursed spellbook of charm monster
  R - an uncursed spellbook of fireball
  m - an uncursed spellbook of light
  V - an uncursed spellbook of light
  p - an uncursed spellbook of stone to flesh
 Potions  ('!')
  t - an uncursed potion of acid
  I - 2 uncursed potions of blindness
  a - an uncursed potion of gain energy
  y - a cursed potion of gain energy
  v - an uncursed potion of object detection
  u - an uncursed potion of paralysis
  x - an uncursed potion of restore ability
 Wands    ('/')
  r - a wand of digging (0:5)
  o - a wand of slow monster (0:7)
  H - a wand of stasis (0:5)
 Tools    ('(')
  T - an uncursed brass lantern
  h - a can of grease (0:6)
  e - an uncursed magic whistle
  z - an uncursed oil lamp
  s - an uncursed skeleton key
  A - a blessed tallow candle
  Y - 3 uncursed tallow candles
  Z - 2 uncursed wax candles
 Gems/Stones  ('*')
  k - an uncursed worthless piece of black glass
  M - 2 uncursed worthless pieces of white glass
  g - an uncursed touchstone

Arakanox the Ranger's attributes:

Background:
 You were a Trailblazer, a level 7 female human Ranger.
 You were chaotic, nominally on a mission for Mars
 who was opposed by Mercury (lawful) and Venus (neutral).
 You were right-handed.
 You were in the Gnomish Mines, on level 8.
 You entered the dungeon 3247 turns ago.
 You had 982 experience points, 298 more were needed to attain level 8.

Basics:
 You had 0 out of 53 hit points.
 You had all 37 energy points (spell power).
 Your armor class was 0.
 Your wallet contained 307 zorkmids.
 Autopickup was off.

Final Characteristics:
 Your strength was 14 (limit:18/100).
 Your dexterity was 12 (limit:18).
 Your constitution was 17 (limit:18).
 Your intelligence was 14 (limit:18).
 Your wisdom was 13 (limit:18).
 Your charisma was 7 (limit:18).

Final Status:
 You weren't hungry.
 You were burdened; movement was slightly slowed.
 You were wielding a bow.
 You were skilled in bow.

Final Attributes:
 You were stridently aligned.
 You had automatic searching.
 You were displaced.
 You were stealthy.
 You were warded.
 You are dead.

Miscellaneous:
 You didn't encounter any bones levels.
 Total elapsed playing time was 1 hour, 10 minutes and 27 seconds.

Major events:
 Turn
    1: Arakanox the chaotic female human Ranger entered the dungeon
  910: entered the Gnomish Mines
  919: attained the rank of Lookout (level 3)
 2134: attained the rank of Trailblazer (level 6)
 2591: reached Mine Town
 3247: killed by a panther

You didn't know any spells.

Skills:
 Fighting Skills
   bare handed combat [Unskilled]
   riding             [Unskilled]
 Weapon Skills
   dagger             [Basic]
   knife              [Unskilled]
   axe                [Unskilled]
   pick-axe           [Unskilled]
   short sword        [Unskilled]
   morning star       [Unskilled]
   flail              [Unskilled]
   hammer             [Unskilled]
   quarterstaff       [Unskilled]
   polearms           [Unskilled]
   spear              [Basic]
   trident            [Unskilled]
   bow                [Skilled]
   sling              [Unskilled]
   crossbow           [Unskilled]
   dart               [Unskilled]
   shuriken           [Unskilled]
   boomerang          [Unskilled]
   whip               [Unskilled]
 Spellcasting Skills
   healing spells     [Unskilled]
   divination spells  [Unskilled]
   escape spells      [Unskilled]

Voluntary challenges:
 Character rerolling was not enabled.
 You followed a strict vegan diet.
 You were an atheist.
 You never genocided any monsters.
 You never polymorphed an object.
 You never changed form.
 You used no wishes.
Achievements:
 You entered a shop.
 You entered the Gnomish Mines.
 You attained the rank of Lookout.
 You attained the rank of Trailblazer.
 You entered Minetown.
 You entered a temple.

 The Dungeons of Doom: levels 1 to 4
    Level 1:
       An altar to Mars.
    Level 2:
       A potion shop.
    Level 3:
       A fountain.
    Level 4:
       Stairs down to The Gnomish Mines.
 The Gnomish Mines: levels 5 to 8
    Level 5:
    Level 6:
    Level 7:
    Level 8: <- You were here.
       Some shops, a temple and an altar, some fountains.
       Final resting place for
          you, killed by a panther.


Vanquished creatures:
  a large mimic
  a small mimic
  a large cat
  a wolf
  a gnome ruler
  a dwarf mummy
  a gold golem
  a dog
  a blue jelly
  a dust vortex
  a gnome mummy
  4 human zombies
  a water nymph
  a mountain nymph
  5 gnome leaders
  2 gnomish wizards
  a paper golem
  a floating eye
  7 dwarves
  a homunculus
  5 hill orcs
  a giant bat
  5 monkeys
  2 iguanas
  2 coyotes
  2 hobgoblins
  a giant rat
  a brown mold
  a yellow mold
 35 gnomes
  3 garter snakes
  3 gnome zombies
  a gecko
 13 jackals
  2 foxes
  2 goblins
  7 grid bugs
  6 lichens
  2 kobold zombies
  3 newts
131 creatures vanquished.

No species were genocided or became extinct.

Game over:
                       ----------
                      /          \
                     /    REST    \
                    /      IN      \
                   /     PEACE      \
                  /                  \
                  |     Arakanox     |
                  |      307 Au      |
                  |   killed by a    |
                  |     panther      |
                  |                  |
                  |                  |
                  |       2026       |
                 *|     *  *  *      | *
        _________)/\\_//(\/(/\)/\//\/|_)_______

Goodbye Arakanox the Ranger...

You died in The Gnomish Mines on dungeon level 8 with 4565 points,
and 307 pieces of gold, after 3247 moves.
You were level 7 with a maximum of 53 hit points when you died.

